[ AOE2 MATCH · #506767790 ]
UnrankedLithuanians vs Persians
Player's team · LOSS
[ REPLAY ANALYSIS · EXTRACTED FROM THE RECORDED GAME ]
Feudal
10:37
Castle
—
Imperial
—
| APM avg | 24.6 |
| APM peak | 57 |
| eAPM avg | 9.1 |
| Villagers / military | 21 / 2 |
Focus
⚔️ 15.2% · 🌾 84.8%
Militia ×2
Feudal
—
Castle
—
Imperial
—
| APM avg | 54.4 |
| APM peak | 144 |
| eAPM avg | 25.4 |
| Villagers / military | 42 / 0 |
Focus
⚔️ 27.1% · 🌾 72.9%
Match map
Initial resources + every placement click. Lines = walls · curves = elevation contours. ◆ gold · ⬟ stone · ● berries · ✦ relic · ◌ wall gap
Your base· Open — unwalled flank
[GDL] especialista's base· Open — unwalled flank
Smoothed initial terrain · ◌ = detected wall gap · hover for details
Inputs per minute
— Kinait - - [GDL] especialista
Build order — Kinait
37 actions detected in the replay
| 0:00 | Queue | Villager (Male) |
| 0:01 | Queue | Villager (Male) |
| 0:02 | Queue | Villager (Male) |
| 0:03 | Build | House |
| 0:04 | Build | House |
| 0:07 | Queue | Villager (Male) |
| 0:10 | Queue | Villager (Male) |
| 0:11 | Queue | Villager (Male) |
| 1:28 | Queue | Villager (Male) |
| 2:04 | Queue | Villager (Male) |
| 2:15 | Queue | Villager (Male) |
| 2:17 | Build | Lumber Camp |
| 2:42 | Build | House |
| 2:46 | Queue | Villager (Male) |
| 3:06 | Queue | Villager (Male) |
| 3:32 | Queue | Villager (Male) |
| 4:11 | Queue | Villager (Male) |
| 4:16 | Build | Mill |
| 4:28 | Queue | Villager (Male) |
| 4:55 | Queue | Villager (Male) |
| 5:06 | Queue | Villager (Male) |
| 5:31 | Queue | Villager (Male) |
| 5:59 | Queue | Villager (Male) |
| 6:33 | Queue | Villager (Male) |
| 6:47 | Build | Barracks |
| 6:53 | Research | Loom |
| 7:03 | Build | House |
| 7:34 | Queue | Militia |
| 7:35 | Queue | Militia |
| 7:50 | Build | Palisade Wall |
| 7:51 | Build | Palisade Wall |
| 7:53 | Build | Palisade Wall |
| 8:27 | Research | Feudal Age |
| 8:44 | Build | Mining Camp |
| 10:37 | Age | Feudal Age |
| 10:55 | Queue | Villager (Male) |
| 11:51 | Queue | Villager (Male) |
Build order — [GDL] especialista
55 actions detected in the replay
| 0:06 | Build | House |
| 0:07 | Queue | Villager (Male) |
| 0:07 | Queue | Villager (Male) |
| 0:07 | Queue | Villager (Male) |
| 0:08 | Build | House |
| 0:35 | Queue | Villager (Male) |
| 0:35 | Queue | Villager (Male) |
| 0:35 | Queue | Villager (Male) |
| 1:32 | Queue | Villager (Male) |
| 1:33 | Queue | Villager (Male) |
| 1:33 | Queue | Villager (Male) |
| 2:13 | Build | Lumber Camp |
| 2:16 | Queue | Villager (Male) |
| 2:16 | Queue | Villager (Male) |
| 2:48 | Queue | Villager (Male) |
| 2:48 | Queue | Villager (Male) |
| 3:31 | Queue | Villager (Male) |
| 3:31 | Queue | Villager (Male) |
| 3:31 | Queue | Villager (Male) |
| 3:32 | Queue | Villager (Male) |
| 3:50 | Build | House |
| 4:00 | Research | Loom |
| 4:37 | Queue | Villager (Male) |
| 4:37 | Research | Loom |
| 4:53 | Queue | Villager (Male) |
| 5:05 | Queue | Villager (Male) |
| 5:27 | Queue | Villager (Male) |
| 5:39 | Queue | Villager (Male) |
| 5:57 | Queue | Villager (Male) |
| 6:42 | Queue | Villager (Male) |
| 6:53 | Queue | Villager (Male) |
| 7:24 | Build | House |
| 7:52 | Build | Town Center |
| 9:05 | Queue | Villager (Male) |
| 9:05 | Queue | Villager (Male) |
| 9:06 | Queue | Villager (Male) |
| 9:06 | Queue | Villager (Male) |
| 9:18 | Build | Mill |
| 9:37 | Build | Lumber Camp |
| 9:56 | Queue | Villager (Male) |
| 9:56 | Queue | Villager (Male) |
| 10:20 | Queue | Villager (Male) |
| 11:11 | Queue | Villager (Male) |
| 11:11 | Queue | Villager (Male) |
| 11:19 | Build | House |
| 11:50 | Queue | Villager (Male) |
| 11:50 | Queue | Villager (Male) |
| 12:53 | Queue | Villager (Male) |
| 12:53 | Queue | Villager (Male) |
| 13:29 | Queue | Villager (Male) |
| 13:29 | Queue | Villager (Male) |
| 13:48 | Build | House |
| 13:51 | Build | Palisade Wall |
| 14:01 | Queue | Villager (Male) |
| 14:02 | Queue | Villager (Male) |
Match timeline
| 6:47 | Kinait · first_building Barracks |
| 7:50 | Kinait · wall_segment Palisade Wall x1 |
| 7:51 | Kinait · wall_segment Palisade Wall x1 |
| 7:53 | Kinait · wall_segment Palisade Wall x1 |
| 10:37 | Kinait · age_up feudal |
| 13:51 | [GDL] especialista · wall_segment Palisade Wall x3 |
| 14:09 | Kinait · resign |
[ AI ANALYSIS · 1 CREDIT ]
What really happened in this match?
Wolo.gg analyzes every decision: build order, eco, micro, common mistakes by bracket. Personalized analysis on WhatsApp or Discord in 30 seconds.
Civ guide
Lithuanians
Perfil
Kinait